 Dungeon Crawl Stone Soup version 0.29.1-2-gbd0b4ee654 (webtiles) character file.

Game seed: 9599837452376840846

108 GorkyZ the Shield-Bearer (level 4, -3/29 HPs)
             Began as a Gargoyle Fighter on Nov 30, 2022.
             Slain by an ogre
             ... wielding a +0 giant club
              (24 damage)
             ... on level 3 of the Dungeon.
             The game lasted 00:04:20 (2370 turns).

GorkyZ the Shield-Bearer (Gargoyle Fighter)         Turns: 2370, Time: 00:04:20

Health: -3/29      AC: 14    Str: 22    XL:     4   Next: 87%
Magic:  4/4        EV:  6    Int:  8    God:
Gold:   211        SH: 11    Dex:  9    Spells: 3/3 levels left

rFire   . . .      SeeInvis .   a - +0 war axe
rCold   . . .      Faith    .   r - +0 tower shield
rNeg    + . .      Spirit   .   o - +3 scale mail
rPois   ∞          Reflect  .   i - +0 helmet
rElec   +          Harm     .   (no cloak)
rCorr   .          Rampage  .   (no gloves)
Will    .....                   (no boots)
Stlth   ..........              (no amulet)
HPRegen 0.09/turn               (no ring)
MPRegen 0.09/turn               (no ring)

@: no status effects
A: sickness immunity, AC +3, negative energy resistance 1, electricity
resistance, torment resistance 1, petrification resistance
a: no special abilities


You were on level 3 of the Dungeon.
You visited 1 branch of the dungeon, and saw 3 of its levels.

You collected 211 gold pieces.

Inventory:

Hand Weapons
 a - a +0 war axe (weapon)
Missiles
 n - 4 atropa-tipped darts (quivered)
 s - 8 poisoned darts
Armour
 b - a +0 scale mail
 c - a +0 buckler
 i - a +0 helmet (worn)
 o - a +3 scale mail (worn)
 r - a +0 tower shield (worn)
Jewellery
 j - a +6 ring of intelligence
Scrolls
 e - a scroll of acquirement {unknown}
 f - 3 scrolls of vulnerability {unknown}
 g - 4 scrolls of identify {unknown}
 h - a scroll of summoning {unknown}
 m - a scroll of teleportation {unknown}
 p - a scroll of brand weapon {unknown}
 t - a scroll of blinking {unknown}
Potions
 d - a potion of might
 k - a potion of resistance {unknown}
 l - a potion of invisibility {unknown}
 q - a potion of lignification {unknown}
 u - a potion of heal wounds {unknown}


   Skills:
 + Level 3.8 Fighting
 + Level 2.3 Axes
 + Level 1.1 Throwing
 + Level 3.7 Armour
 + Level 1.2 Dodging
 + Level 3.8 Shields
 + Level 1.1 Evocations


You had 3 spell levels left.
You didn't know any spells.
Your spell library contained the following spells:

 Spells                   Type           Power      Damage    Failure   Level
 Apportation              Tloc           0%         N/A       100%        1
 Necrotise                Necr           0%         1d4       100%        1
 Summon Small Mammal      Summ           0%         N/A       100%        1


Dungeon Overview and Level Annotations

Branches:
Dungeon (3/15)

Altars:
Ashenzari

Shops:
D:1 (

Annotations:
D:2 1 runed translucent door, Crazy Yiuf


Innate Abilities, Weirdness & Mutations

You are immune to sickness and miasma.
Your stone body is resilient. (AC +3)
You are immune to poison.
You resist negative energy. (rN+)
You are resistant to electric shocks. (rElec)
You are resistant to unholy torment.
You are immune to petrification.


Message History

The adder is severely wounded.
The adder bites you but does no damage. The adder barely misses you.
You barely miss the adder.
The adder is severely wounded.
You block the adder's attack. x3
You closely miss the adder.
The adder is severely wounded.
You block the adder's attack. The adder bites you but does no damage.
You closely miss the adder.
The adder is severely wounded.
You block the adder's attack. The adder barely misses you.
You barely miss the adder.
The adder is severely wounded.
The adder barely misses you. The adder bites you but does no damage.
You slash the adder!
You kill the adder!
No target in view!
You now have 203 gold pieces (gained 14).
u - a cyan potion You now have 211 gold pieces (gained 8).
s - 8 poisoned darts (gained 4)
An ogre comes into view. It is wielding a +0 giant club.
The ogre shouts!
You throw an atropa-tipped dart. The atropa-tipped dart hits the ogre.
The ogre resists.
You block the ogre's attack.
You barely miss the ogre. You block the ogre's attack.
You barely miss the ogre. The ogre hits you with a +0 giant club!
You closely miss the ogre. You block the ogre's attack.
You hit the ogre.
The ogre is lightly wounded.
You block the ogre's attack.
You slash the ogre!
The ogre is heavily wounded.
You block the ogre's attack.
You slash the ogre!
The ogre is almost dead.
The ogre closely misses you.
The ogre hits you with a +0 giant club!!
Ouch! That really hurt!
You die...

###.....#.....#..#
...
#....†##...##.## .
......#...#...#..#
#####.....##.##.##
# #..#...#.#..# .#
.......###.## ..##
#.##.....#..#
....# #.
#....#..#(....#
#...@O......
###..####### #..#
#..# #..# #..$
#.#. .. .


You could see an ogre.

Vanquished Creatures
  4 adders
  A shadow imp (D:3)
  3 worms (D:2)
  A dart slug (D:2)
  2 ball pythons
  5 endoplasms
  3 giant cockroaches (D:1)
  4 goblins
  4 hobgoblins
  2 jackals (D:1)
  5 quokkas
  3 bats
  3 frilled lizards (D:2)
  9 kobolds
  2 rats (D:2)
51 creatures vanquished.

Notes
Turn   | Place    | Note
-------+----------+-------------------------------------------
     0 | D:1      | GorkyZ the Gargoyle Fighter began the quest for the Orb.
     0 | D:1      | Reached XP level 1. HP: 14/14 MP: 1/1
    65 | D:1      | Found Qelamaepn's Antique Weapon Boutique.
   248 | D:1      | Reached XP level 2. HP: 19/19 MP: 2/2
   775 | D:1      | Reached XP level 3. HP: 14/23 MP: 3/3
  1352 | D:2      | Reached XP level 4. HP: 23/28 MP: 4/4
  1409 | D:2      | Reached skill level 1 in Dodging
  1441 | D:2      | Found a runed translucent door.
  1442 | D:2      | Noticed Crazy Yiuf
  1645 | D:2      | Found a broken altar of Ashenzari.
  1990 | D:2      | Reached skill level 1 in Evocations
  2187 | D:3      | Reached skill level 1 in Throwing
  2363 | D:3      | Noticed an ogre
  2370 | D:3      | Slain by an ogre

Illustrated notes

Levels and vault maps discovered:
D:1:      giann_wishing_wells, layout_loops_cross, serial_shops,
          nicolae_square_shop
D:2:      minmay_spotlight, layout_rooms, basic_altar, uniq_crazy_yiuf_cottage
D:3:      layout_rooms, mainiacjoe_overflow_divided_tiny, serial_shops,
          shop_statue, minmay_unequal

Skill      XL: |  1  2  3  4 |
---------------+-------------+-----
Axes           | 2 |  2.3
Dodging        | 1 |  1.2
Evocations     | 1 |  1.1
Throwing       | 1 |  1.1
Fighting       | |  3.8
Armour         | |  3.7
Shields        | |  3.8

Action                   |  1- 3 |  4- 6 || total
-------------------------+-------+-------++-------
Melee: War axe           |   113 |    77 ||   190
Throw: Dart              |       |     1 ||     1
Armor: Scale mail        |    83 |    38 ||   121
Dodge: Dodged            |    60 |    17 ||    77
Block: Buckler           |    23 |     8 ||    31
       Tower shield      |       |    39 ||    39
